AoeStats
← FreezeFrost

Arabia

508189786Analyzed
1v1 RM · 11d ago on Sep 21, 2026· 37m 55s· 2 players
Game mode
Random Map
Map size
Tiny (2 player)
Population
200
Speed
Normal
Resources
Standard
Victory
Conquest
Starting age
Dark Age
Ending age
Imperial Age
RankedLock teamsTeams togetherTeam positionsShared explorationLock speedFull tech treeHidden civsTurbo modeCheats
Victory
Defeat
🇳🇿 Vietnamese · New Zealand
723
+18
🇩🇪 Turks · Germany
759
-18
laredofrancisco93
7:15 Loom
10:20 Feudal Age
11:19 Double-Bit Axe
13:56 Gold Mining
15:30 Horse Collar
18:38 Arson
22:49 Castle Age
21:25 Wheelbarrow
20:36 Town Watch
21:24 Stone Mining
22:10 Fletching
22:32 Forging
22:23 Padded Archer Armor
23:36 Bloodlines
24:33 Scale Barding Armor
24:06 Crossbowman
28:44 Thumb Ring
28:00 Elite Skirmisher
29:53 Stone Shaft Mining
30:01 Husbandry
31:08 Bow Saw
33:46 Bodkin Arrow
34:18 Husbandry
36:37 Husbandry
36:53 Light Cavalry
37:01 Light Cavalry
FreezeFrost
11:38 Feudal Age
13:40 Double-Bit Axe
13:59 Loom
16:37 Castle Age
22:37 Imperial Age
Connection lost

Rejoining the realm…

Still unreachable

The connection could not be restored.

Session expired

The server has moved on; the page needs a fresh start.